AoeStats
← thomas89671173

Pilgrims

510037329Analyzed
4v4 RM · 4d ago on Sep 29, 2026· 36m 31s· 8 players
Game mode
Random Map
Map size
Large (8 player)
Population
200
Speed
Normal
Resources
Standard
Victory
Conquest
Starting age
Dark Age
Ending age
Imperial Age
RankedLock teamsTeams togetherTeam positionsShared explorationLock speedFull tech treeHidden civsTurbo modeCheats
Victory
Defeat
🇨🇳 Persians · China
1368
+15
🇹🇼 Danes · Taiwan
1367
+15
🇻🇳 Magyars · Vietnam
1252
+19
🇮🇳 Spanish · India
1235
+20
🇵🇪 Wu · Peru
1367
-19
🇺🇸 Koreans · United States
1331
-17
🇨🇳 Franks · China
1328
-17
🇦🇷 Spanish · Argentina
1300
-16
LYR92426
4:59 Loom
11:00 Feudal Age
12:07 Double-Bit Axe
17:25 Castle Age
15:37 Stone Mining
17:13 Wheelbarrow
17:07 Fletching
18:52 Town Watch
20:47 Gold Mining
22:27 Horse Collar
Agus Talleres 2
4:01 Loom
12:03 Feudal Age
13:57 Double-Bit Axe
18:50 Castle Age
17:52 Gold Mining
20:46 Medium Warships
CURITA1000
2:51 Loom
10:01 Feudal Age
13:30 Castle Age
11:37 Double-Bit Axe
11:33 Horse Collar
12:52 Scale Mail Armor
13:03 Forging
12:40 Arson
14:15 Squires
16:21 Chain Mail Armor
26:14 Iron Casting
25:52 Horse Collar
825889483
9:21 Loom
11:38 Feudal Age
15:25 Castle Age
15:25 Fletching
moneyfusion06
8:28 Loom
12:50 Feudal Age
17:46 Castle Age
15:41 Fletching
15:52 Padded Archer Armor
19:36 Bodkin Arrow
27:09 Bloodlines
28:59 Husbandry
32:09 Gold Mining
32:10 Stone Mining
32:59 Wheelbarrow
33:39 Leather Archer Armor
36:05 Imperial Age
thomas89671173
10:15 Loom
12:00 Feudal Age
13:16 Double-Bit Axe
16:42 Castle Age
15:48 Fletching
16:01 Fishing Lines
18:23 Bow Saw
18:36 Bodkin Arrow
18:47 Gold Mining
19:47 Gillnets
28:32 Imperial Age
27:46 Wheelbarrow
29:08 Forging
28:59 Scale Mail Armor
30:36 Bracer
31:21 Hand Cart
30:52 Town Watch
35:03 Iron Casting
34:44 Chain Mail Armor
36:02 Squires
35:47 Arson
35:28 Elite Jomsviking
36:29 Town Patrol
37:01 Conscription
anhdeptraibd
6:34 Loom
12:57 Feudal Age
13:25 Fishing Lines
19:08 Castle Age
18:36 Double-Bit Axe
20:03 Fletching
21:26 Bow Saw
21:19 Bodkin Arrow
21:30 Husbandry
22:02 Horse Collar
24:14 Bloodlines
24:31 Padded Archer Armor
24:42 Heavy Plow
27:13 Ballistics
28:52 Padded Archer Armor
28:59 Thumb Ring
30:35 Leather Archer Armor
32:54 Wheelbarrow
37:20 Imperial Age
35:07 Hand Cart
征南大将军
4:37 Loom
11:18 Feudal Age
12:42 Double-Bit Axe
16:16 Castle Age
15:59 Stone Mining
17:25 Bow Saw
19:51 Gold Mining
19:42 Horse Collar
21:30 Wheelbarrow
25:52 Murder Holes
28:36 Heavy Plow
30:08 Masonry
31:24 Gold Shaft Mining
32:36 Guard Tower
33:06 Ballistics
33:29 Stone Shaft Mining
Connection lost

Rejoining the realm…

Still unreachable

The connection could not be restored.

Session expired

The server has moved on; the page needs a fresh start.